General information
- name: BNet
- type: Ladder team game (AT/RT)
- host: Battle.net
- saver: ABCDEFG
map: TwilightRuins
- players: 8
- length: 40:00
- speed: Fast
- version: 1.26 W3XP
- replay type: Public
» download(270 KB)
Players
team 1 (loser)

»
300_SPARTA (
pink | 138 APM | 3327 actions | 24:01)
5 Demon Hunter
1 Immolation
3 Mana Burn
1 Evasion
» actions
| Assign group hotkey | 18 | |
| Basic commands | 195 | |
| Build / train | 52 | |
| Enter build submenu | 22 | |
| Enter hero's abilities submenu | 5 | |
| Give item / drop item | 1 | |
| Right click | 1134 | |
| Select / deselect | 418 | |
| Select group hotkey | 1439 | |
| Use ability | 43 | |
3327 total
» units
| Wisp | 20 | |
| Archer | 5 | |
| Goblin Shredder | 1 | |
| Chimaera | 6 | |
32 total
» upgrades
| Strength of the Wild | 3 | |
| Reinforced Hides | 3 | |
| Well Spring | 1 | |
| Corrosive Breath | 1 | |
8 total
» buildings
| Moon Well | 7 | |
| Altar of Elders | 1 | |
| Ancient of War | 1 | |
| Ancient of Wonders | 1 | |
| Tree of Ages | 1 | |
| Tree of Life | 4 | |
| Hunter's Hall | 1 | |
| Tree of Eternity | 1 | |
| Ancient of Wind | 1 | |
| Chimaera Roost | 4 | |
22 total
» build order
00:40 Moon Well
00:55 Altar of Elders
01:08 Ancient of War
01:55 Moon Well
03:00 Ancient of Wonders
03:19 Moon Well
04:26 Tree of Ages
05:04 Tree of Life
06:00 Hunter's Hall
06:16 Moon Well
07:05 Tree of Eternity
07:41 Ancient of Wind
09:42 Chimaera Roost
09:43 Chimaera Roost
09:44 Chimaera Roost
09:47 Chimaera Roost
11:19 Moon Well
11:26 Moon Well
11:28 Moon Well
14:18 Tree of Life
19:39 Tree of Life
22:21 Tree of Life
» items
| Boots of Speed | 1 | |
| Staff of Teleportation | 1 | |
| Orb of Venom | 1 | |
| Scroll of Town Portal | 1 | |
4 total

»
ylena (
blue | 80 APM | 2123 actions | 26:38)
5 Death Knight
3 Death Coil
2 Unholy Aura
4 Lich
2 Frost Nova
2 Frost Armor
» actions
| Assign group hotkey | 39 | |
| Basic commands | 28 | |
| Build / train | 79 | |
| Enter build submenu | 27 | |
| Enter hero's abilities submenu | 9 | |
| Give item / drop item | 3 | |
| Right click | 931 | |
| Select / deselect | 356 | |
| Select group hotkey | 555 | |
| Use ability | 96 | |
2123 total
» units
| Acolyte | 24 | |
| Ghoul | 4 | |
| Crypt Fiend | 17 | |
| Obsidian Statue | 2 | |
47 total
» upgrades
| Backpack | 1 | |
| Creature Attack | 1 | |
| Web | 1 | |
3 total
» buildings
| Graveyard | 1 | |
| Crypt | 3 | |
| Ziggurat | 10 | |
| Altar of Darkness | 1 | |
| Tomb of Relics | 1 | |
| Nerubian Tower | 2 | |
| Necropolis | 1 | |
| Halls of the Dead | 1 | |
| Black Citadel | 1 | |
| Slaughterhouse | 1 | |
| Sacrificial Pit | 2 | |
| Spirit Tower | 1 | |
25 total
» build order
00:12 Graveyard
00:18 Crypt
00:40 Ziggurat
01:06 Altar of Darkness
01:45 Tomb of Relics
01:47 Ziggurat
02:38 Nerubian Tower
03:52 Ziggurat
04:26 Necropolis
05:48 Halls of the Dead
06:15 Ziggurat
08:12 Black Citadel
08:30 Slaughterhouse
09:38 Sacrificial Pit
09:48 Nerubian Tower
10:42 Crypt
10:43 Crypt
12:18 Ziggurat
12:21 Ziggurat
12:21 Ziggurat
13:16 Ziggurat
13:17 Ziggurat
13:19 Ziggurat
13:33 Spirit Tower
14:42 Sacrificial Pit
» items
| Rod of Necromancy | 3 | |
| Scroll of Town Portal | 4 | |
| Potion of Healing | 3 | |
| Orb of Corruption | 1 | |
| Dust of Appearance | 2 | |
13 total
PATS55HAWKS0 (
yellow | 58 APM | 2302 actions | 39:59)
8 Archmage
3 Summon Water Elemental
3 Brilliance Aura
1 Mass Teleport
1 Blizzard
» actions
| Assign group hotkey | 105 | |
| Basic commands | 6 | |
| Build / train | 113 | |
| Enter build submenu | 22 | |
| Enter hero's abilities submenu | 8 | |
| Give item / drop item | 4 | |
| Remove unit from queue | 1 | |
| Right click | 757 | |
| Select / deselect | 363 | |
| Select group hotkey | 760 | |
| Use ability | 163 | |
2302 total
» units
| Peasant | 20 | |
| Footman | 4 | |
| Goblin Shredder | 2 | |
| Gryphon Rider | 6 | |
| Goblin Sapper | 6 | |
| Siege Engine | 4 | |
| Mortar Team | 4 | |
46 total
» upgrades
| Masonry | 3 | |
| Swords | 2 | |
| Armor | 2 | |
| Animal War Training | 1 | |
| Storm Hammers | 1 | |
| Gunpowder | 2 | |
| Plating | 2 | |
| Barrage | 1 | |
14 total
» buildings
| Altar of Kings | 1 | |
| Barracks | 1 | |
| Farm | 10 | |
| Scout Tower | 13 | |
| Arcane Tower | 2 | |
| Arcane Vault | 1 | |
| Town Hall | 3 | |
| Keep | 2 | |
| Lumber Mill | 1 | |
| Guard Tower | 9 | |
| Blacksmith | 1 | |
| Castle | 3 | |
| Gryphon Aviary | 4 | |
| Workshop | 2 | |
53 total
» build order
00:08 Altar of Kings
00:20 Barracks
00:36 Farm
00:51 Farm
01:37 Scout Tower
01:44 Farm
02:16 Arcane Tower
02:40 Arcane Vault
03:31 Town Hall
03:33 Scout Tower
03:41 Farm
04:34 Arcane Tower
05:39 Keep
05:39 Keep
06:05 Scout Tower
06:06 Scout Tower
06:06 Scout Tower
06:08 Scout Tower
06:09 Scout Tower
06:45 Lumber Mill
07:25 Guard Tower
07:32 Blacksmith
08:00 Castle
08:00 Castle
08:20 Gryphon Aviary
08:20 Gryphon Aviary
08:24 Gryphon Aviary
09:07 Guard Tower
10:07 Farm
10:08 Farm
10:09 Farm
10:10 Farm
10:11 Farm
13:20 Guard Tower
13:22 Guard Tower
14:38 Gryphon Aviary
16:28 Scout Tower
16:28 Scout Tower
16:29 Scout Tower
16:30 Scout Tower
16:31 Scout Tower
16:31 Scout Tower
17:36 Guard Tower
17:38 Guard Tower
17:38 Guard Tower
20:44 Town Hall
21:00 Town Hall
24:44 Guard Tower
24:45 Guard Tower
25:12 Workshop
25:14 Workshop
» items
| Staff of Teleportation | 1 | |
| Scroll of Regeneration | 8 | |
| Ivory Tower | 6 | |
| Scroll of Town Portal | 3 | |
| Staff of Sanctuary | 1 | |
| Mechanical Critter | 2 | |
| Potion of Healing | 2 | |
| Potion of Lesser Invulnerability | 2 | |
| Potion of Invisibility | 1 | |
| Boots of Speed | 1 | |
27 total

»
AshleyMadison (
red | 36 APM | 839 actions | 23:10)
6 Demon Hunter
3 Evasion
2 Mana Burn
1 Metamorphosis
4 Pandaren Brewmaster
2 Drunken Haze
2 Drunken Brawler
» actions
| Assign group hotkey | 20 | |
| Basic commands | 35 | |
| Build / train | 60 | |
| ESC pressed | 12 | |
| Enter build submenu | 27 | |
| Enter hero's abilities submenu | 10 | |
| Give item / drop item | 1 | |
| Right click | 137 | |
| Select / deselect | 208 | |
| Select group hotkey | 258 | |
| Use ability | 71 | |
839 total
» units
| Wisp | 18 | |
| Archer | 5 | |
| Goblin Shredder | 1 | |
| Hippogryph | 11 | |
| Chimaera | 2 | |
37 total
» upgrades
| Reinforced Hides | 2 | |
| Strength of the Wild | 2 | |
4 total
» buildings
| Moon Well | 9 | |
| Ancient of War | 1 | |
| Altar of Elders | 1 | |
| Tree of Ages | 1 | |
| Hunter's Hall | 1 | |
| Tree of Life | 6 | |
| Tree of Eternity | 1 | |
| Ancient of Wind | 3 | |
| Ancient of Wonders | 1 | |
| Ancient of Lore | 1 | |
| Chimaera Roost | 3 | |
28 total
» build order
00:22 Moon Well
00:37 Ancient of War
01:19 Altar of Elders
01:32 Moon Well
01:37 Moon Well
02:35 Moon Well
03:35 Tree of Ages
04:34 Hunter's Hall
06:01 Tree of Life
06:02 Tree of Eternity
06:30 Ancient of Wind
06:36 Ancient of Wonders
06:43 Ancient of Lore
08:40 Chimaera Roost
08:45 Chimaera Roost
09:30 Chimaera Roost
09:44 Moon Well
10:34 Ancient of Wind
10:43 Ancient of Wind
10:49 Moon Well
11:43 Moon Well
12:41 Moon Well
13:05 Tree of Life
13:36 Moon Well
14:46 Tree of Life
16:45 Tree of Life
18:47 Tree of Life
20:21 Tree of Life
» items
| Scroll of Town Portal | 3 | |
| Orb of Venom | 2 | |
5 total
team 2 (winner)
IGOTTHEBLUES (
teal | 60 APM | 1900 actions | 31:33)
9 Mountain King
3 Storm Bolt
3 Bash
1 Avatar
2 Thunder Clap
» actions
| Assign group hotkey | 10 | |
| Basic commands | 26 | |
| Build / train | 160 | |
| Enter build submenu | 44 | |
| Enter hero's abilities submenu | 9 | |
| Give item / drop item | 2 | |
| Remove unit from queue | 8 | |
| Right click | 1099 | |
| Select / deselect | 423 | |
| Select group hotkey | 18 | |
| Use ability | 101 | |
1900 total
» units
| Peasant | 20 | |
| Gryphon Rider | 8 | |
| Goblin Shredder | 2 | |
| Flying Machine | 56 | |
86 total
» upgrades
| Storm Hammers | 1 | |
| Swords | 3 | |
| Armor | 2 | |
| Plating | 3 | |
| Flak Cannons | 1 | |
| Flying Machine Bombs | 1 | |
| Gunpowder | 3 | |
14 total
» buildings
| Farm | 13 | |
| Lumber Mill | 1 | |
| Keep | 3 | |
| Scout Tower | 14 | |
| Altar of Kings | 1 | |
| Arcane Tower | 2 | |
| Guard Tower | 5 | |
| Castle | 3 | |
| Gryphon Aviary | 3 | |
| Town Hall | 1 | |
| Blacksmith | 2 | |
| Arcane Vault | 1 | |
| Workshop | 6 | |
55 total
» build order
00:18 Farm
00:24 Lumber Mill
01:34 Keep
01:34 Keep
01:38 Scout Tower
02:04 Altar of Kings
02:08 Arcane Tower
02:08 Arcane Tower
02:15 Scout Tower
02:19 Scout Tower
02:26 Farm
02:54 Guard Tower
03:07 Guard Tower
04:41 Castle
04:41 Castle
04:42 Castle
04:48 Gryphon Aviary
04:50 Gryphon Aviary
06:10 Gryphon Aviary
06:42 Scout Tower
07:04 Farm
07:05 Farm
07:11 Guard Tower
07:35 Farm
07:38 Farm
08:46 Farm
09:05 Town Hall
10:11 Blacksmith
12:08 Blacksmith
12:55 Scout Tower
12:56 Scout Tower
12:56 Scout Tower
12:57 Scout Tower
12:59 Scout Tower
12:59 Scout Tower
13:00 Scout Tower
13:01 Scout Tower
13:01 Scout Tower
13:02 Scout Tower
13:21 Farm
13:22 Farm
13:23 Farm
13:24 Farm
14:15 Guard Tower
14:40 Arcane Vault
14:50 Guard Tower
15:15 Workshop
15:15 Workshop
15:20 Workshop
15:21 Workshop
15:48 Workshop
15:49 Workshop
16:50 Farm
16:54 Farm
» items
| Boots of Speed | 1 | |
| Staff of Teleportation | 2 | |
| Scroll of Regeneration | 4 | |
| Lesser Clarity Potion | 3 | |
| Potion of Healing | 1 | |
| Scroll of Town Portal | 3 | |
| Potion of Lesser Invulnerability | 1 | |
| Potion of Invisibility | 1 | |
16 total

»
ARealCowboy (
green | 32 APM | 1297 actions | 39:59)
5 Archmage
2 Blizzard
3 Brilliance Aura
2 Blood Mage
1 Flame Strike
1 Banish
» actions
| Assign group hotkey | 26 | |
| Build / train | 66 | |
| Enter build submenu | 34 | |
| Enter hero's abilities submenu | 7 | |
| Right click | 621 | |
| Select / deselect | 328 | |
| Select group hotkey | 141 | |
| Use ability | 74 | |
1297 total
» units
| Peasant | 14 | |
| Footman | 12 | |
| Knight | 2 | |
| Rifleman | 1 | |
29 total
» upgrades
| Masonry | 1 | |
| Defend | 1 | |
| Swords | 1 | |
| Plating | 2 | |
| Lumber Harvesting | 2 | |
| Animal War Training | 1 | |
8 total
» buildings
| Altar of Kings | 2 | |
| Farm | 8 | |
| Lumber Mill | 1 | |
| Scout Tower | 9 | |
| Barracks | 2 | |
| Guard Tower | 10 | |
| Blacksmith | 1 | |
| Town Hall | 4 | |
| Keep | 2 | |
| Arcane Vault | 1 | |
| Castle | 1 | |
| Workshop | 1 | |
| Orc Burrow | 5 | |
47 total
» build order
00:16 Altar of Kings
00:26 Farm
01:07 Farm
01:24 Lumber Mill
01:45 Farm
01:59 Scout Tower
02:45 Barracks
02:48 Barracks
02:50 Guard Tower
03:13 Farm
03:49 Blacksmith
05:11 Farm
05:29 Town Hall
05:39 Scout Tower
06:12 Scout Tower
06:25 Guard Tower
06:41 Guard Tower
08:14 Keep
08:35 Arcane Vault
10:20 Scout Tower
10:25 Scout Tower
10:27 Scout Tower
10:38 Castle
10:49 Guard Tower
10:54 Guard Tower
10:56 Guard Tower
11:35 Scout Tower
11:36 Scout Tower
11:39 Scout Tower
12:15 Guard Tower
12:37 Guard Tower
12:40 Farm
12:41 Farm
12:42 Farm
13:56 Guard Tower
14:33 Guard Tower
14:46 Workshop
15:57 Town Hall
17:59 Town Hall
19:02 Keep
20:17 Altar of Kings
22:41 Town Hall
39:17 Orc Burrow
39:23 Orc Burrow
39:33 Orc Burrow
39:40 Orc Burrow
39:49 Orc Burrow
» items
| Boots of Speed | 1 | |
| Potion of Lesser Invulnerability | 1 | |
| Scroll of Healing | 1 | |
| Potion of Healing | 1 | |
| Potion of Mana | 1 | |
| Scroll of Town Portal | 1 | |
6 total
BoogerBob (
purple | 55 APM | 2132 actions | 38:34)
10 Blademaster
3 Wind Walk
3 Critical Strike
1 Bladestorm
3 Mirror Image
» actions
| Assign group hotkey | 90 | |
| Basic commands | 101 | |
| Build / train | 96 | |
| Enter build submenu | 46 | |
| Enter hero's abilities submenu | 10 | |
| Give item / drop item | 8 | |
| Remove unit from queue | 2 | |
| Right click | 866 | |
| Select / deselect | 386 | |
| Select group hotkey | 351 | |
| Use ability | 176 | |
2132 total
» units
| Peon | 8 | |
| Grunt | 4 | |
| Goblin Shredder | 1 | |
| Troll Batrider | 19 | |
| Goblin Sapper | 5 | |
| Goblin Zeppelin | 2 | |
| Wind Rider | 4 | |
43 total
» upgrades
| Ranged Weapons | 3 | |
| Armor | 4 | |
| Troll Regeneration | 1 | |
| Reinforced Defenses | 1 | |
| Liquid Fire | 1 | |
| Envenomed Spears | 1 | |
| Pillage | 1 | |
| Ensnare | 1 | |
| Burning Oil | 1 | |
14 total
» buildings
| Orc Burrow | 5 | |
| Altar of Storms | 1 | |
| Barracks | 1 | |
| Voodoo Lounge | 1 | |
| Stronghold | 1 | |
| War Mill | 2 | |
| Great Hall | 2 | |
| Watch Tower | 30 | |
| Fortress | 1 | |
| Beastiary | 4 | |
48 total
» build order
00:16 Orc Burrow
01:01 Altar of Storms
01:01 Barracks
01:10 Orc Burrow
01:58 Voodoo Lounge
02:54 Stronghold
03:52 War Mill
04:05 Orc Burrow
04:46 Great Hall
06:01 Watch Tower
06:02 Watch Tower
06:04 Watch Tower
06:12 Watch Tower
07:34 Fortress
07:37 Beastiary
07:37 Beastiary
07:38 Beastiary
08:38 Beastiary
09:24 War Mill
09:30 Watch Tower
09:31 Watch Tower
09:33 Watch Tower
09:35 Watch Tower
16:14 Orc Burrow
16:15 Orc Burrow
19:23 Watch Tower
19:23 Watch Tower
19:24 Watch Tower
19:25 Watch Tower
21:09 Watch Tower
21:11 Watch Tower
21:13 Watch Tower
21:14 Watch Tower
21:16 Watch Tower
25:32 Watch Tower
25:33 Watch Tower
25:35 Watch Tower
25:36 Watch Tower
25:39 Watch Tower
28:34 Great Hall
28:35 Watch Tower
28:36 Watch Tower
28:36 Watch Tower
28:37 Watch Tower
28:41 Watch Tower
28:41 Watch Tower
28:42 Watch Tower
28:42 Watch Tower
» items
| Healing Salve | 4 | |
| Scroll of Town Portal | 5 | |
| Orb of Lightning | 2 | |
| Boots of Speed | 1 | |
| Periapt of Vitality | 2 | |
| Potion of Lesser Invulnerability | 1 | |
| Potion of Mana | 5 | |
| Lesser Clarity Potion | 1 | |
| Potion of Healing | 1 | |
| Staff of Teleportation | 1 | |
| Dust of Appearance | 1 | |
24 total
ABCDEFG (
orange | 91 APM | 3639 actions | 40:00)
8 Archmage
2 Summon Water Elemental
3 Brilliance Aura
2 Blizzard
1 Mass Teleport
» actions
| Assign group hotkey | 97 | |
| Basic commands | 372 | |
| Build / train | 192 | |
| ESC pressed | 12 | |
| Enter build submenu | 64 | |
| Enter hero's abilities submenu | 8 | |
| Give item / drop item | 4 | |
| Right click | 965 | |
| Select / deselect | 463 | |
| Select group hotkey | 991 | |
| Use ability | 471 | |
3639 total
» units
| Peasant | 21 | |
| Footman | 4 | |
| Goblin Shredder | 4 | |
| Dragonhawk Rider | 7 | |
| Sorceress | 2 | |
| Gryphon Rider | 5 | |
43 total
» upgrades
| Masonry | 3 | |
| Cloud | 1 | |
| Storm Hammers | 1 | |
| Swords | 3 | |
| Animal War Training | 1 | |
| Armor | 4 | |
| Sorceress Training | 2 | |
| Plating | 2 | |
| Gunpowder | 2 | |
| Magic Sentry | 1 | |
| Lumber Harvesting | 1 | |
21 total
» buildings
| Altar of Kings | 1 | |
| Barracks | 1 | |
| Farm | 15 | |
| Arcane Vault | 1 | |
| Lumber Mill | 1 | |
| Town Hall | 2 | |
| Scout Tower | 29 | |
| Keep | 4 | |
| Guard Tower | 43 | |
| Castle | 4 | |
| Gryphon Aviary | 4 | |
| Blacksmith | 2 | |
| Arcane Sanctum | 1 | |
108 total
» build order
00:36 Altar of Kings
00:40 Barracks
00:52 Farm
01:08 Farm
01:46 Farm
02:10 Arcane Vault
02:37 Lumber Mill
03:50 Town Hall
04:04 Farm
04:48 Scout Tower
05:17 Keep
05:17 Keep
05:17 Keep
05:26 Guard Tower
05:27 Guard Tower
06:28 Scout Tower
06:29 Scout Tower
06:32 Scout Tower
06:33 Scout Tower
07:23 Guard Tower
07:24 Guard Tower
07:24 Guard Tower
07:39 Castle
07:40 Castle
07:40 Castle
07:42 Gryphon Aviary
07:42 Gryphon Aviary
07:44 Gryphon Aviary
07:45 Gryphon Aviary
08:56 Scout Tower
08:57 Scout Tower
08:59 Scout Tower
09:06 Scout Tower
09:24 Guard Tower
09:28 Guard Tower
09:29 Guard Tower
09:29 Guard Tower
09:34 Scout Tower
09:36 Guard Tower
09:36 Guard Tower
11:11 Guard Tower
11:12 Guard Tower
11:51 Blacksmith
11:52 Blacksmith
12:32 Guard Tower
12:32 Guard Tower
13:20 Scout Tower
13:22 Scout Tower
13:24 Scout Tower
13:40 Farm
13:44 Scout Tower
14:30 Arcane Sanctum
14:31 Guard Tower
14:31 Guard Tower
14:50 Guard Tower
14:50 Guard Tower
14:50 Guard Tower
14:51 Guard Tower
16:48 Farm
16:50 Farm
16:53 Farm
16:53 Farm
16:56 Farm
16:58 Farm
19:13 Scout Tower
19:13 Scout Tower
19:14 Scout Tower
19:15 Scout Tower
19:15 Scout Tower
20:21 Guard Tower
20:21 Guard Tower
21:02 Scout Tower
21:03 Scout Tower
21:05 Scout Tower
21:06 Scout Tower
21:43 Guard Tower
23:15 Town Hall
23:22 Guard Tower
23:22 Guard Tower
23:22 Guard Tower
32:13 Farm
32:15 Farm
32:16 Farm
32:17 Farm
32:24 Scout Tower
32:27 Scout Tower
32:55 Guard Tower
32:56 Guard Tower
32:56 Guard Tower
32:56 Scout Tower
32:58 Scout Tower
33:00 Scout Tower
33:03 Scout Tower
33:27 Guard Tower
33:27 Guard Tower
» items
| Staff of Teleportation | 3 | |
| Scroll of Regeneration | 11 | |
| Mechanical Critter | 4 | |
| Periapt of Vitality | 3 | |
| Tome of Retraining | 1 | |
| Potion of Invisibility | 5 | |
| Scroll of Town Portal | 5 | |
| Ivory Tower | 5 | |
| Potion of Lesser Invulnerability | 2 | |
| Lesser Clarity Potion | 1 | |
| Potion of Healing | 1 | |
41 total
Chat log
(00:36 / All) BoogerBob: Booger Bob has no equal!
(00:44 / All) BoogerBob: The best ever! The greatest of all time!
(00:58 / All) BoogerBob: Pros hear my name and tremble, noobs don't even know what tehy're getting into
(01:22 / All) BoogerBob: I'm putting all yall b attlenet noobies on blast!
(01:25 / All) BoogerBob: Here we go!
(01:28 / All) BoogerBob: BOOGER BOB TIME
(01:28 / All) ylena: stfu
(01:29 / All) ylena: let me focus
(01:37 / All) ylena: cant hear myself think
(01:40 / All) BoogerBob: Come and make me, newbie!
(01:45 / All) BoogerBob: Well
(01:55 / All) BoogerBob: Your skull is a vacuity anyway
(01:56 / All) ABCDEFG: Hey blue
(01:58 / All) ABCDEFG: kill yourself
(02:01 / All) ABCDEFG: you miserable waste of life
(02:02 / All) ylena: !
(02:04 / All) ylena: purple
(02:07 / All) ylena: lets fuckin gank
(02:07 / All) ylena: oj
(02:09 / All) PATS55HAWKS0: lots of shit talking
(02:14 / All) ylena: this cunt
(02:19 / All) BoogerBob: OJ is my ally
(02:19 / All) ABCDEFG: blue you are a 50 apm pile of absolute shit
(02:21 / All) ylena: what do you say
(02:21 / All) ylena: bud
(02:23 / All) ABCDEFG: go off yourself
(02:25 / All) BoogerBob: I respect my allies, that's how I became the best
(02:31 / All) BoogerBob: The legend: BOOGER BOB
(02:33 / All) ylena: that is honorbale
(02:35 / All) ylena: respect purple
(02:43 / All) ylena: dont lose
(02:43 / All) ylena: t
(02:45 / All) ylena: it
(02:46 / All) ABCDEFG: shut the fuck up and don't talk to people as good as us unless spoken to
(02:50 / All) BoogerBob: 0 chance of that!
(02:50 / All) ABCDEFG: you pile of shit
(02:55 / All) IGOTTHEBLUES: woah
(04:20 / Allies) IGOTTHEBLUES: im gonna cc with oj
(04:22 / Allies) IGOTTHEBLUES: those shops
(04:23 / Allies) IGOTTHEBLUES: are great
(04:54 / Allies) IGOTTHEBLUES: wood me please
(05:08 / Allies) ABCDEFG: if you are going to cc with me with one hero
(05:09 / Allies) ABCDEFG: then fuck off
(05:16 / Allies) IGOTTHEBLUES: ill remember that
(05:18 / Allies) IGOTTHEBLUES: thanks scrub
(05:18 / Allies) ABCDEFG: lol
(05:45 / Allies) IGOTTHEBLUES: :P
(05:46 / Allies) ARealCowboy: knights here
(06:01 / Allies) IGOTTHEBLUES: awww gt
(06:08 / Allies) ABCDEFG: you piece of shit
(06:12 / Allies) IGOTTHEBLUES: why
(06:14 / All) ABCDEFG: faggot teal
(06:14 / Allies) IGOTTHEBLUES: cause ur greedy
(06:15 / Allies) ABCDEFG: kill yourself
(06:17 / Allies) IGOTTHEBLUES: and a bad teamate?
(06:20 / Allies) ABCDEFG: xp leeching subhuman piece of shit
(06:25 / Allies) ABCDEFG: you are the bad team mate
(06:25 / Allies) IGOTTHEBLUES: ur a bad teamate
(06:27 / Allies) ABCDEFG: leeching my xp
(06:31 / Allies) IGOTTHEBLUES: lol cry baby
(06:32 / Allies) IGOTTHEBLUES: cry
(06:35 / Allies) IGOTTHEBLUES: your suppose to help
(06:37 / Allies) IGOTTHEBLUES: not mind
(06:38 / Allies) IGOTTHEBLUES: scrub
(06:44 / Allies) ABCDEFG: and now I'll lose my expansion because you are a subhuman
(06:50 / Allies) IGOTTHEBLUES: no
(06:51 / Allies) IGOTTHEBLUES: u lose
(06:53 / Allies) IGOTTHEBLUES: casue u are bad
(06:54 / Allies) IGOTTHEBLUES: thanks
(06:57 / Allies) IGOTTHEBLUES: u tried to attack me
(06:58 / Allies) IGOTTHEBLUES: why?
(07:09 / Allies) ABCDEFG: squelched, don't talk to me when you're inferior and shit for brains
(07:17 / Allies) IGOTTHEBLUES: lol
(07:17 / Allies) IGOTTHEBLUES: thanks
(07:20 / Allies) IGOTTHEBLUES: tty later scummy
(08:11 / All) BoogerBob: man
(08:14 / All) ABCDEFG: hahahaha are you on one control group blue?
(08:15 / All) BoogerBob: fiends are bs
(08:22 / All) ylena: did i get ya?
(08:22 / All) ABCDEFG: TEAL WAITS UNTIL T3 TO CREEP GREEN CAMPS
(08:23 / All) BoogerBob: their webs follow whole map
(08:23 / All) ABCDEFG: LMFAO
(08:25 / All) BoogerBob: Yeah
(08:32 / All) BoogerBob: you tp and the web follows you
(08:34 / All) ylena: apreciate the honesty
(08:43 / All) ylena: or
(08:45 / All) ylena: IS IT HONESTY
(08:47 / All) ylena: DUN DUND UDN
(09:02 / All) BoogerBob: I didn't run fast enoug lel
(09:07 / All) BoogerBob: from the fiend attack
(09:16 / All) BoogerBob: you can outrun it sometimes
(09:27 / Allies) ABCDEFG: inc my expansion again
(10:05 / All) ABCDEFG: blue you suck dick
(10:10 / All) ABCDEFG: uninstall
(10:24 / All) ylena: /squelch abcdefg
(10:27 / All) ABCDEFG: lol
(11:11 / Allies) ARealCowboy: BE RIGHT THERE OJ
(11:43 / Allies) ARealCowboy: lumber?
(12:43 / All) ABCDEFG: blue lost 10 acolytes to 1 hero and 4 ghouls too
(12:46 / All) ABCDEFG: he thinks he's good
(13:05 / Allies) ARealCowboy: lumber for knights?
(13:28 / Allies) ARealCowboy: atatck teal
(15:04 / Allies) IGOTTHEBLUES: damn
(15:06 / Allies) IGOTTHEBLUES: lots of chimeras
(15:09 / Allies) ARealCowboy: aa?
(15:25 / Allies) IGOTTHEBLUES: wood me
(15:40 / Allies) ARealCowboy: need tanks bad
(15:46 / Allies) IGOTTHEBLUES: going copters
(15:52 / Allies) IGOTTHEBLUES: need wood
(16:10 / Allies) ARealCowboy: my base is fd
(16:13 / Allies) ARealCowboy: we need to attack
(16:14 / Allies) ABCDEFG: blue my base
(16:17 / Allies) IGOTTHEBLUES: i am
(16:33 / All) ABCDEFG: LOL A WHOLE ARMY CHASING AN AM
(16:39 / All) ylena: shhh
(16:40 / Allies) ABCDEFG: my base
(16:42 / Allies) IGOTTHEBLUES: WOOOD NE
(16:54 / All) IGOTTHEBLUES: fbf
(17:05 / Allies) BoogerBob: fuck
(17:08 / Allies) BoogerBob: I wanted to tp the bats
(17:19 / Allies) ARealCowboy: 4 bats?
(17:24 / Allies) ARealCowboy: oh nm
(17:28 / Allies) ARealCowboy: aatttack
(17:29 / Allies) IGOTTHEBLUES: go now
(17:30 / Allies) IGOTTHEBLUES: alll
(17:30 / Allies) BoogerBob: gi
(17:30 / All) AshleyMadison: oj fucking dumb
(17:45 / All) ABCDEFG: lol
(17:47 / Allies) BoogerBob: call to arms
(18:20 / All) ABCDEFG: lol
(18:41 / Allies) IGOTTHEBLUES: wowmy base
(18:47 / Allies) IGOTTHEBLUES: oj gogog
(19:10 / Allies) IGOTTHEBLUES: ug onna go
(19:41 / Allies) IGOTTHEBLUES: guess not
(20:43 / All) ABCDEFG: lol
(21:50 / Allies) ABCDEFG: wood
(21:51 / Allies) IGOTTHEBLUES: im only coming casue i want to exp
(21:51 / Allies) ABCDEFG: wood
(21:52 / Allies) ABCDEFG: fast
(21:52 / Allies) IGOTTHEBLUES: u scrub
(22:15 / Allies) ABCDEFG: fuck misclicked on the shackle
(22:19 / Allies) ABCDEFG: wood
(22:20 / Allies) ABCDEFG: wood me
(22:21 / Allies) ABCDEFG: wood
(22:26 / Allies) ARealCowboy: can someone spare 300 wood
(22:35 / Allies) ABCDEFG: wood me
(22:36 / Allies) ABCDEFG: wood
(23:02 / Allies) ARealCowboy: PINK
(23:05 / All) AshleyMadison: gg
(23:06 / Allies) ABCDEFG: wood
(23:07 / All) AshleyMadison: yelo tk
(23:08 / All) AshleyMadison: lucky u
(23:21 / All) PATS55HAWKS0: i didnt even tk ulol
(23:47 / Allies) ABCDEFG: thanks
(23:57 / Allies) ARealCowboy: chims
(24:04 / Allies) BoogerBob: I was watching ufc alt tabed
(24:08 / Allies) ARealCowboy: lol
(24:09 / Allies) ABCDEFG: oh lawl
(26:06 / All) BoogerBob: BOOGER BOB
(26:08 / All) BoogerBob: THE BEST
(26:36 / All) ylena: gg
(26:37 / Allies) ARealCowboy: anyone got 200 wood
(26:47 / All) ABCDEFG: I think I pissed off blue
(26:56 / Allies) ARealCowboy: thx pal
(27:22 / All) BoogerBob: lol he sent his stuff to die
(27:52 / Allies) ABCDEFG: little bitch trying to leech again
(27:57 / Allies) IGOTTHEBLUES: lol
(28:04 / All) ARealCowboy: lol
(28:04 / Allies) IGOTTHEBLUES: u cant kill them fast enough
(28:06 / Allies) IGOTTHEBLUES: so i dominate
(28:09 / Allies) IGOTTHEBLUES: thanks again scrub
(28:56 / Allies) ARealCowboy: fucker
(29:01 / Allies) ABCDEFG: xp leech, like teal
(29:06 / Allies) IGOTTHEBLUES: lol
(29:09 / Allies) IGOTTHEBLUES: what are you talking about
(29:12 / Allies) ABCDEFG: flak btw teal doesn't work on allies
(29:14 / Allies) IGOTTHEBLUES: just beacause u can kill
(29:42 / All) IGOTTHEBLUES: LOL
(29:44 / All) IGOTTHEBLUES: RUN BITCHES
(29:45 / All) IGOTTHEBLUES: RUN
(30:10 / Allies) IGOTTHEBLUES: GREEN WE GOTTA KILL OJ NOW I GURSS
(30:27 / Allies) IGOTTHEBLUES: OR HE JUST TKS IDC
(30:29 / Allies) ARealCowboy: all i have is 3 angry peasants
(30:34 / Allies) IGOTTHEBLUES: lol
(30:37 / Allies) IGOTTHEBLUES: did he kill eveyrone else?
(30:45 / Allies) IGOTTHEBLUES: o purple aint doing shit
(30:50 / Allies) IGOTTHEBLUES: yea orange tkd us
(30:53 / Allies) IGOTTHEBLUES: like the true pussy he is
(30:55 / Allies) IGOTTHEBLUES: what a shock
(30:56 / Allies) ARealCowboy: what a douche
(30:59 / Allies) IGOTTHEBLUES: yea
(31:03 / Allies) IGOTTHEBLUES: real scumbag
(31:09 / Allies) IGOTTHEBLUES: prolly knows his friend on other team
(31:12 / Allies) ABCDEFG: the real douch is you and teal for being leeching filth
(31:13 / Allies) IGOTTHEBLUES: straight pussies
(31:17 / Allies) IGOTTHEBLUES: please
(31:22 / Allies) IGOTTHEBLUES: sucka cock ya lil bitch
(31:28 / Allies) IGOTTHEBLUES: crying piece of shit
(31:40 / All) BoogerBob: did you already kill his mk
(31:44 / All) ABCDEFG: yes lawl
(31:50 / All) ABCDEFG: he didn't put up a fight
(31:50 / Allies) ARealCowboy: pretty douche thing to do oj
(31:51 / All) BoogerBob: I was about to gets wyvs to kill it lel
(31:52 / All) ABCDEFG: he had an invul pot
(32:50 / All) BoogerBob: I just watched a movie called Ronin starring Robert DeNiro
(32:59 / All) BoogerBob: Not bad, pretty mediocre
(33:01 / All) PATS55HAWKS0: ronin 47
(33:07 / All) BoogerBob: Would have been cool if it had like a shadowrun setting
(33:20 / All) BoogerBob: that legend gets mentioned in that movie lel
(33:50 / All) BoogerBob: It felt like a video game plot to set it up
(33:59 / Allies) ABCDEFG: Green you lose
(34:02 / Allies) ABCDEFG: can you just leave
(34:04 / All) BoogerBob: where they have to get a case wanted by the IRA and russian mafia
(34:07 / Allies) ARealCowboy: nah
(34:11 / All) BoogerBob: Just a MacGuffin that never gets explained
(34:12 / All) PATS55HAWKS0: ronin is the one with al pacino right and deniro
(34:17 / All) BoogerBob: Nah
(34:18 / Allies) ARealCowboy: going to gym bye
(34:20 / All) BoogerBob: With just Deniro
(34:23 / Allies) ABCDEFG: k, go lose that fat
(34:25 / All) PATS55HAWKS0: thats heat i think
(34:28 / All) BoogerBob: Yeah
(34:29 / All) BoogerBob: Heat
(34:35 / All) BoogerBob: Has Pacino
(34:38 / All) BoogerBob: Heat was way better
(34:43 / All) BoogerBob: Except the ending, I didn't like it
(34:51 / All) BoogerBob: because DeNiro's character easily could have ambushed Pacinos
(34:57 / All) BoogerBob: He picked the worst fucking spot
(35:56 / All) ABCDEFG: Green said he's going to the gym
(36:04 / All) BoogerBob: lol
(36:39 / All) PATS55HAWKS0: lalw
(36:40 / All) PATS55HAWKS0: luck
(36:50 / All) BoogerBob: lol
(36:53 / All) BoogerBob: died anyway
(36:55 / All) PATS55HAWKS0: mercy
(36:57 / All) PATS55HAWKS0: m lord
(37:00 / All) BoogerBob: aight
(37:16 / All) ABCDEFG: I'm curious what teal said this game if anything
(37:19 / All) ABCDEFG: I for real squelched him
(37:22 / All) BoogerBob: I'm gonna exit this game, message me when done
(37:30 / All) ABCDEFG: set your shit to deconstruct
(37:31 / All) ABCDEFG: wtf
(37:32 / All) BoogerBob: not much I guess
(37:33 / All) PATS55HAWKS0: my team left
(37:40 / All) PATS55HAWKS0: just give green win?
(37:46 / All) BoogerBob: nope
(38:29 / All) BoogerBob: message me when you guys done
(38:32 / All) ABCDEFG: k
(39:30 / All) ABCDEFG: lawl
(39:33 / All) ABCDEFG: he didn't queue up enough
(39:38 / All) ABCDEFG: so his hero kills you even when he's not here
(39:54 / All) ABCDEFG: oh maybe that was green